 Dungeon Crawl Stone Soup version 0.31-a0-4-gefa6de2 (webtiles) character file.

Game seed: 9201680399194157953

683 Nithhogg the Trooper (level 7, -6/63 HPs)
             Began as a Hill Orc Fighter on May 3, 2023.
             Engulfed by a steam dragon's steam (18 damage)
             ... on level 5 of the Dungeon on May 4, 2023.
             The game lasted 00:06:55 (3298 turns).

Nithhogg the Trooper (Hill Orc Fighter)             Turns: 3298, Time: 00:06:56

Health: -6/63      AC: 10    Str: 21    XL:     7   Next: 61%
Magic:  10/10      EV:  9    Int:  8    God:
Gold:   322        SH:  0    Dex: 10    Spells: 6/6 levels left

rFire   . . .        t - +2 mace (heavy)
rCold   . . .        (no shield)
rNeg    . . .        b - +1 scale mail
rPois   .            (no helmet)
rElec   .            (no cloak)
rCorr   .            (no gloves)
SInv    .            h - +1 pair of boots
Will    .....        (no amulet) Stlth
                     (no ring)
HPRegen 0.30/turn    (no ring)
MPRegen 0.12/turn

%: no passive effects
@: no status effects
A: no striking features
a: no special abilities


You were on level 5 of the Dungeon.
You visited 1 branch of the dungeon, and saw 5 of its levels.

You collected 322 gold pieces.

Inventory:

Hand Weapons
 a - a +0 war axe
 q - a +2 dagger of venom
 t - a +2 heavy mace (weapon)
 u - a +2 whip of venom
 x - a +1 short sword of flaming
Missiles
 g - 3 poisoned darts (quivered)
Armour
 b - a +1 scale mail (worn)
 c - a +0 buckler
 h - a +1 pair of boots (worn)
Scrolls
 d - 3 scrolls of enchant armour
 j - 2 scrolls of enchant weapon
 n - 3 scrolls of amnesia
 r - a scroll of fog
 s - a scroll of blinking
 y - a scroll of poison
Potions
 f - a potion of mutation {unknown}
 i - a potion of berserk rage {unknown}
 k - 3 potions of haste
 l - a potion of invisibility {unknown}
 m - 4 potions of curing {unknown}
 o - 2 potions of flight {unknown}
 p - a potion of brilliance {unknown}
 v - a potion of cancellation {unknown}
 w - a potion of might


   Skills:
 + Level 6.0 Fighting
 + Level 5.8 Axes
 + Level 5.5 Armour
 - Level 3.4 Shields
 + Level 5.0 Invocations


You had 6 spell levels left.
You didn't know any spells.
Your spell library contained the following spells:

 Spells                   Type           Power      Damage    Failure   Level
 Slow                     Hex            0%         N/A       73%         1
 Sublimation of Blood     Necr           0%         N/A       86%         2
 Confusing Touch          Hex            0%         N/A       97%         3
 Vampiric Draining        Necr           0%         2d6       97%         3
 Petrify                  Tmut/Erth      0%         N/A       100%        4
 Irradiate                Conj/Tmut      0%         3d11      100%        5


Dungeon Overview and Level Annotations

Branches:
Dungeon (5/15)
 Temple: D:4-7

Altars:
Fedhas
Nemelex Xobeh
Sif Muna


Message History

The steam dragon is moderately wounded.
You are engulfed in a cloud of scalding steam.
The steam dragon misses you. The steam dragon completely misses you.
The steam dragon closely misses you.
The steam dragon claws you but does no damage.
You barely miss the steam dragon. Your punch misses the steam dragon.
The steam dragon is moderately wounded.
The steam dragon barely misses you. The steam dragon claws you.
The steam dragon barely misses you.
The steam dragon claws you but does no damage.
You hit the steam dragon but do no damage.
The steam dragon is moderately wounded.
The steam dragon closely misses you.
The steam dragon claws you but does no damage.
The steam dragon bites you but does no damage.
The steam dragon closely misses you.
You completely miss the steam dragon.
The steam dragon is moderately wounded.
The steam dragon breathes steam at you. The ball of steam hits you!
The steam dragon closely misses you.
The steam dragon claws you but does no damage.
You sock the steam dragon!
The steam dragon is severely wounded.
You are engulfed in a cloud of scalding steam.
The steam dragon bites you! The steam dragon claws you.
* * * LOW HITPOINT WARNING * * *
The steam dragon bites you but does no damage.
The steam dragon completely misses you.
You hit the steam dragon.
The steam dragon is almost dead.
The steam dragon bites you.
* * * LOW HITPOINT WARNING * * *
The steam dragon barely misses you. The steam dragon breathes steam at you.
The ball of steam hits you.
* * * LOW HITPOINT WARNING * * *
You closely miss the steam dragon.
The steam dragon is severely wounded.
You are engulfed in a cloud of scalding steam.
You die...

#.......# #.# #.#####.#
#.# #.# #.# #...†.. #.#
#.# #.#.#.# #.# #.##
.......# #.# #..#### ###
..# # #.# ##<#...# #####
.###
#.####...#..######......
. ..<.....#.#.....@.# #.
.....<...##.#####D#
.###.##.....# .# ##
##.#..#### .# # #.#..#
.# ## ##.#..# .#
.###.....# .# ....###.##
.# .#.## #.#


You could see a steam dragon (catching breath).

Vanquished Creatures
  Grinder (D:3)
  An ice beast (D:5)
  A black bear (D:4)
  A scorpion (D:5)
  2 hounds (D:4)
  A jelly (D:5)
  A sleepcap (D:4)
  4 adders
  An ufetubus (D:5)
  2 dart slugs
  9 orcs
  7 ball pythons
  10 endoplasms
  3 giant cockroaches
  7 goblins
  5 hobgoblins
  4 jackals (D:3)
  4 kobolds
  6 quokkas
  4 bats
  3 frilled lizards
  3 rats
80 creatures vanquished.

Vanquished Creatures (others)
  31 plants (D:4)
31 creatures vanquished.

Grand Total: 111 creatures vanquished

Notes
Turn   | Place    | Note
-------+----------+-------------------------------------------
     0 | D:1      | Nithhogg the Hill Orc Fighter began the quest for the Orb.
     0 | D:1      | Reached XP level 1. HP: 19/19 MP: 1/1
   163 | D:1      | Reached XP level 2. HP: 25/27 MP: 2/2
   310 | D:1      | Reached skill level 4 in Fighting
   345 | D:1      | Reached skill level 1 in Invocations
   388 | D:1      | Reached XP level 3. HP: 33/33 MP: 3/3
  1507 | D:3      | Found a blossoming altar of Fedhas.
  1660 | D:3      | Reached XP level 4. HP: 40/40 MP: 5/5
  1844 | D:3      | Found a sparkling altar of Nemelex Xobeh.
  2033 | D:3      | Noticed Grinder
  2036 | D:3      | Found a faded altar of an unknown god.
  2069 | D:3      | Paralysed by Grinder for 5 turns
  2087 | D:3      | Killed Grinder
  2088 | D:3      | Reached skill level 5 in Fighting
  2088 | D:3      | Reached XP level 5. HP: 28/48 MP: 5/7
  2088 | D:3      | Reached XP level 6. HP: 32/56 MP: 5/8
  2395 | D:4      | Noticed a black bear
  2404 | D:4      | Killed a black bear
  2405 | D:4      | Reached skill level 5 in Axes
  2405 | D:4      | Reached skill level 5 in Armour
  2595 | D:4      | Found a shimmering blue altar of Sif Muna.
  2743 | D:4      | Reached XP level 7. HP: 61/61 MP: 10/10
  2820 | D:5      | Entered Level 5 of the Dungeon
  3067 | D:5      | Reached skill level 6 in Fighting
  3123 | D:5      | Reached skill level 5 in Invocations
  3283 | D:5      | Noticed a steam dragon
  3298 | D:5      | Engulfed by a steam dragon's steam

Illustrated notes

Levels and vault maps discovered:
D:1:      saegor_arrival_simple_d, layout_basic
D:2:      layout_basic, kennysheep_small_spiral, nicolae_elevator_lobby_asterisk
D:3:      layout_rooms, mainiacjoe_overflow_paths, amcnicky_altar_gilded,
          hellmonk_ecumenical_altar_inner_sanctum, grunt_ministairs_12,
          uniq_grinder
D:4:      layout_rooms, led_sif_pool, chequers_decorated_corner,
          kennysheep_decorative_pillar, kennysheep_boxes
D:5:      layout_loops_ring

Skill      XL: |  1  2  3  4  5  6  7 |
---------------+----------------------+-----
Axes           | 3 4 5 |  5.8
Fighting       | 4 5 6 |  6.0
Invocations    | 1 3 4 5 |  5.0
Armour         | 4 5 |  5.5
Shields        | |  3.4

Action                     |  1- 3 |  4- 6 |  7- 9 || total
---------------------------+-------+-------+-------++-------
  Melee: War axe           |    86 |    75 |    19 ||   180
         Punch             |     1 |     2 |       ||     3
         Mace              |       |       |    38 ||    38
    Use: Scroll            |     5 |     2 |     3 ||    10
         Potion            |       |     4 |     1 ||     5
 Armour: Scale mail        |    52 |    63 |    54 ||   169
  Dodge: Dodged            |    47 |    51 |    58 ||   156

Table legend: (Time is in decaauts)
 A = Elapsed time spent in this place.
 B = Non-inter-level travel time spent in this place.
 C = Inter-level travel time spent in this place.
 D = Time resting spent in this place.
 E = Time spent auto-exploring this place.
 F = Levels seen in this place.
 G = Mean time per level.
                   A        B        C        D        E       F      G
               +--------+--------+--------+--------+--------+-----+--------+
         Total |   3388 |   3232 |    156 |    100 |   2540 |   5 |  677.6 |
       Dungeon |   3388 |   3232 |    156 |    100 |   2540 |   5 |  677.6 |
               +--------+--------+--------+--------+--------+-----+--------+

Top non-repeatable levels by time:
     D:2: 1005 daAuts
     D:3: 749 daAuts
     D:4: 592 daAuts
     D:1: 526 daAuts
     D:5: 514 daAuts
